 Dungeon Crawl Stone Soup version 0.27-a0-1065-ge809cff456 (webtiles) character file.

Game seed: 4434794079332442291

6 BritishOli the Sneak (level 1, -1/18 HPs)
             Began as a Demonspawn Delver on Apr 22, 2021.
             Was an Initiate of Okawaru.
             Slain by a kobold
             ... wielding a +0 short sword
              (4 damage)
             ... in a sewer.
             The game lasted 00:01:48 (333 turns).

BritishOli the Sneak (Demonspawn Delver)             Turns: 333, Time: 00:01:49

Health: -1/18      AC:  3    Str: 12    XL:     1   Next: 75%
Magic:  1/1        EV: 11    Int: 11    God:    Okawaru [......]
Gold:   0          SH:  0    Dex: 14    Spells: 0/0 levels left

rFire    . . .     SeeInvis .   a - +0 falchion
rCold    . . .     Faith    .   (no shield)
rNeg     . . .     Spirit   .   b - +0 leather armour
rPois    .         Reflect  .   (no helmet)
rElec    .         Harm     .   (no cloak)
rCorr    .         Rampage  .   (no gloves)
Will     .....                  (no boots)
Stlth    +++.......             (no amulet)
HPRegen  0.06/turn              (no ring)
MPRegen  0.07/turn              (no ring)

@: no status effects
A: no striking features
a: Renounce Religion


You were in a sewer.
You worshipped Okawaru.
Okawaru was noncommittal.
You visited 2 branches of the dungeon, and saw 2 of its levels.
You also visited: Sewer.

Inventory:

Hand Weapons
 a - a +0 falchion (weapon)
Armour
 b - a +0 leather armour (worn)
Wands
 g - a wand of digging (3)
Scrolls
 d - a scroll of magic mapping
Potions
 f - a potion of haste


   Skills:
 + Level 3.0 Fighting
 + Level 1.8 Long Blades
 + Level 1.8 Dodging
 + Level 4.7 Stealth


You couldn't memorise any spells.
You didn't know any spells.
Your spell library was empty.

Dungeon Overview and Level Annotations

Branches:
Dungeon (5/15)             Temple (1/1) D:5           Sewer (1/1)

Altars:
Cheibriados
Elyvilon
Fedhas
Gozag
Hepliaklqana
Okawaru
Qazlal
Ru
Sif Muna
Uskayaw


Message History

You hit the frilled lizard but do no damage.
The frilled lizard bites you but does no damage.
Your leather armour prevents you from hitting the frilled lizard.
The frilled lizard closely misses you.
You hit the frilled lizard.
You kill the frilled lizard!
Okawaru accepts your kill. The kobold closely misses you.
You completely miss the jackal.
The kobold hits you with a +0 short sword.
The jackal barely misses you.
You riposte.
You closely miss the jackal.
The kobold hits you with a +0 short sword.
You hit the jackal.
The jackal is almost dead.
The jackal misses you. The kobold hits you but does no damage.
You hit the jackal.
You kill the jackal!
Okawaru accepts your kill.
The kobold hits you with a +0 short sword.
You are too injured to fight recklessly!
You are too injured to fight recklessly!
You are too injured to fight recklessly!
You are too injured to fight recklessly!
You are too injured to fight recklessly!
You closely miss the kobold. The kobold hits you but does no damage.
You hit the kobold.
The kobold is severely wounded.
The kobold closely misses you.
You hit the kobold but do no damage.
The kobold is severely wounded.
The kobold hits you with a +0 short sword. x2
* * * LOW HITPOINT WARNING * * *
You barely miss the kobold.
The kobold is severely wounded.
The kobold hits you with a +0 short sword.
* * * LOW HITPOINT WARNING * * *
You closely miss the kobold.
The kobold is severely wounded.
The kobold hits you with a +0 short sword.
You die...

#.PP.# ##..P...###
≈...≈.##.≈PP..≈≈≈###
#..≈..≈..≈)..≈≈≈≈≈≈#
...≈.≈.≈.#≈#≈≈≈≈≈≈#
.≈.≈...≈.#≈#≈∩.≈≈≈≈
######.≈..#≈#≈∩≈≈≈≈≈
#!≈≈≈≈.≈.##≈#≈≈≈≈≈≈≈
######..###≈#≈P#####
#..@...## #≈#PP≈
#≈.†K≈.# #≈##P#
##.≈.≈## #.P
≈≈≈.P≈.# ##.
###.≈.## ...≈≈≈
≈.≈..≈# ≈...≈.#


You could see a kobold.

Vanquished Creatures
  2 jackals (Sewer)
  A ball python (Sewer)
  A frilled lizard (Sewer)
  2 kobolds (Sewer)
6 creatures vanquished.

Vanquished Creatures (others)
  2 plants (Sewer)
2 creatures vanquished.

Grand Total: 8 creatures vanquished

Notes
Turn   | Place    | Note
-------+----------+-------------------------------------------
     0 | D:5      | BritishOli the Demonspawn Delver began the quest for the
                  | Orb.
     0 | D:5      | Reached XP level 1. HP: 18/18 MP: 1/1
    12 | D:5      | Found a staircase to the Ecumenical Temple.
    23 | Temple   | Entered the Ecumenical Temple
    68 | Temple   | Became a worshipper of Warmaster Okawaru
    99 | D:5      | Noticed an orc priest
   100 | D:5      | Noticed an orc priest
   104 | D:5      | Noticed an orc priest
   118 | D:5      | Found a glowing drain.
   120 | D:5      | Noticed a scorpion
   126 | Sewer    | Entered a sewer
   333 | Sewer    | Slain by a kobold

Illustrated notes

Levels and vault maps discovered:
D:5:      gammafunk_wand_slinger, layout_loops_cross, temple_fountains,
          cheibrodos_sewer_entry_drain, uniq_pikel, uniq_duvessa,
          uniq_crazy_yiuf_cottage
Temple:   zaba_magenta_temple
Sewer:    sewer_co_scattered_pipes

Action                   || total
-------------------------++-------
Melee: Falchion          ||    23
  Use: Scroll            ||     3
Armor: Leather armour    ||     7
Dodge: Dodged            ||    14
       Rpst.: Falchion   ||     6

Table legend: (Time is in decaauts)
 A = Elapsed time spent in this place.
 B = Non-inter-level travel time spent in this place.
 C = Inter-level travel time spent in this place.
 D = Time resting spent in this place.
 E = Time spent auto-exploring this place.
 F = Levels seen in this place.
 G = Mean time per level.
                   A        B        C        D        E       F      G
               +--------+--------+--------+--------+--------+-----+--------+
         Total |    340 |    266 |     74 |    156 |     26 |   3 |  113.3 |
       Dungeon |     68 |     51 |     17 |      0 |     13 |   1 |   68.0 |
        Temple |     58 |      1 |     57 |      0 |      0 |   1 |   58.0 |
         Sewer |    213 |    213 |      0 |    156 |     13 |   1 |  213.0 |
               +--------+--------+--------+--------+--------+-----+--------+

Top non-repeatable levels by time:
   Sewer: 213 daAuts
     D:5: 68 daAuts
  Temple: 58 daAuts
